 Dungeon Crawl Stone Soup version 0.30-a0-639-g3916f1956a (webtiles) character file.

Game seed: 5764135675399077709

87 browni3141 the Sneak (level 4, -2/28 HPs)
             Began as a Kobold Brigand on Jan 15, 2023.
             Slain by an ogre
             ... wielding a +0 giant club
              (30 damage)
             ... on level 4 of the Dungeon.
             The game lasted 00:03:27 (2216 turns).

browni3141 the Sneak (Kobold Brigand)               Turns: 2216, Time: 00:03:28

Health: -2/28      AC:  7    Str:  8    XL:     4   Next: 80%
Magic:  4/4        EV: 15    Int: 12    God:
Gold:   174        SH:  0    Dex: 18    Spells: 3/3 levels left

rFire   . . .      SeeInvis .    a - +2 dagger
rCold   . . .      Faith    .    (no shield)
rNeg    . . .      Spirit   .    b - +0 robe
rPois   .          Reflect  .    (no helmet)
rElec   .          Harm     .    c - +0 cloak
rCorr   +          Rampage  .    (no gloves)
Will    .....                    (no boots)
Stlth   ++++                     (no amulet)
HPRegen 0.24/turn                v - ring of resist corrosion
MPRegen 0.09/turn                q - +4 ring of protection

@: no status effects
A: small, no large weapons, nightstalker 3
a: no special abilities


You were on level 4 of the Dungeon.
You visited 1 branch of the dungeon, and saw 4 of its levels.

You collected 174 gold pieces.

Inventory:

Hand Weapons
 a - a +2 dagger (weapon)
Missiles
 d - 18 poisoned darts (quivered)
 e - 3 curare-tipped darts
Armour
 b - a +0 robe (worn)
 c - a +0 cloak (worn)
Jewellery
 q - a +4 ring of protection (right hand)
 v - a ring of resist corrosion (left hand)
Scrolls
 i - a scroll of noise
 j - a scroll of poison
 k - a scroll of magic mapping
 l - a scroll of teleportation
 m - a scroll of enchant weapon
 r - a scroll of brand weapon
 s - a scroll of immolation {unknown}
Potions
 f - 2 potions of flight {unknown}
 g - a potion of lignification {unknown}
 h - 3 potions of curing {unknown}
 n - 4 potions of brilliance {unknown}
 o - 2 potions of haste {unknown}
 p - 2 potions of magic {unknown}
 t - a potion of might {unknown}
 u - a potion of attraction {unknown}
 w - a potion of degeneration {unknown}


   Skills:
 + Level 3.1 Fighting
 + Level 3.8 Short Blades
 - Level 2.1 Throwing
 + Level 2.6 Dodging
 + Level 6.1 Stealth


You had 3 spell levels left.
You didn't know any spells.
Your spell library contained the following spells:

 Spells                   Type           Power      Damage    Failure   Level
 Freeze                   Ice            0%         1d3       32%         1
 Frozen Ramparts          Ice            0%         1d1       69%         3
 Hailstorm                Conj/Ice       0%         3d3       69%         3


Dungeon Overview and Level Annotations

Branches:
Dungeon (4/15)
 Temple: D:4-7

Altars:


Innate Abilities, Weirdness & Mutations

You are small and have problems with some larger weapons.
You are completely attuned to the shadows.


Message History

You open the door.
Found 4 stones.
There is an open door here.
You see here 4 stones.
Things that are here:
a +0 club; a goblin skeleton You see here an adder skeleton.
There is an open door here.
There is a stone staircase leading down here.
Done exploring.
Done exploring.
Done exploring.
Done exploring.
There is a stone staircase leading down here.
You climb downwards.
Found 14 gold pieces.
Found an escape hatch in the floor.
There is a stone staircase leading up here.
You now have 166 gold pieces (gained 14).
There is an escape hatch in the floor here.
Found a robe.
A hobgoblin comes into view.
A hobgoblin is nearby!
A hobgoblin is nearby!
A hobgoblin is nearby!
You see here a +0 robe.
Found 8 gold pieces.
The helpless hobgoblin fails to defend itself.
You stick the hobgoblin like a pincushion!!!
You kill the hobgoblin!
No target in view!
You see here a hobgoblin corpse.
You now have 174 gold pieces (gained 8).
An ogre comes into view. It is wielding a +0 giant club.
An ogre is nearby!
An ogre is nearby!
The ogre shouts!
The ogre attacks as you move away!
The ogre hits you with a +0 giant club!!
Ouch! That really hurt!
You die...

#####.
#.....
#.# #.#
#.# #.#
#.#
#O##...
#@##.. ..
#.##.#...
#.##.#...
#...†....
####.#...
#.# .#
#[# .#
#.##.#
#.##.#


You could see an ogre.

Vanquished Creatures
  3 adders
  A dart slug (D:1)
  An orc (D:3)
  2 bats
  6 endoplasms
  A giant cockroach (D:2)
  6 goblins
  5 hobgoblins
  2 jackals (D:1)
  3 quokkas
  11 ball pythons
  2 frilled lizards (D:3)
  4 kobolds
  7 rats
54 creatures vanquished.

Notes
Turn   | Place    | Note
-------+----------+-------------------------------------------
     0 | D:1      | browni3141 the Kobold Brigand began the quest for the Orb.
     0 | D:1      | Reached XP level 1. HP: 12/12 MP: 1/1
   236 | D:1      | Reached XP level 2. HP: 15/18 MP: 2/2
   934 | D:2      | Reached XP level 3. HP: 22/22 MP: 3/3
  1217 | D:2      | Found a faded altar of an unknown god.
  1550 | D:2      | Reached XP level 4. HP: 27/27 MP: 4/4
  1563 | D:2      | Reached skill level 6 in Stealth
  2209 | D:4      | Noticed an ogre
  2216 | D:4      | Slain by an ogre

Illustrated notes

Levels and vault maps discovered:
D:1:      ebering_trefoil_3fold, layout_basic
D:2:      layout_loops_ring, hellmonk_ecumenical_altar_heavens_door,
          hangedman_decor_clover_reticule, small_statue_intersection,
          minmay_misc_feat_more_columns, minmay_puff
D:3:      layout_basic
D:4:      layout_loops_ring, uniq_grinder

Skill      XL: |  1  2  3  4 |
---------------+-------------+-----
Short Blades   | 3 |  3.8
Dodging        | 2 |  2.6
Fighting       | 3 |  3.1
Stealth        | 6 |  6.1
Throwing       | |  2.1

Action                   |  1- 3 |  4- 6 || total
-------------------------+-------+-------++-------
Melee: Dagger            |    66 |    37 ||   103
Throw: Dart              |       |     2 ||     2
  Use: Scroll            |       |     6 ||     6
 Stab: Sleeping          |    23 |     7 ||    30
       Distracted        |       |     1 ||     1
Armor: Robe              |     9 |     6 ||    15
Dodge: Dodged            |    27 |    23 ||    50

Table legend: (Time is in decaauts)
 A = Elapsed time spent in this place.
 B = Non-inter-level travel time spent in this place.
 C = Inter-level travel time spent in this place.
 D = Time resting spent in this place.
 E = Time spent auto-exploring this place.
 F = Levels seen in this place.
 G = Mean time per level.
                   A        B        C        D        E       F      G
               +--------+--------+--------+--------+--------+-----+--------+
         Total |   2197 |   2122 |     75 |     12 |   1702 |   4 |  549.2 |
       Dungeon |   2197 |   2122 |     75 |     12 |   1702 |   4 |  549.2 |
               +--------+--------+--------+--------+--------+-----+--------+

Top non-repeatable levels by time:
     D:1: 874 daAuts
     D:2: 845 daAuts
     D:3: 440 daAuts
     D:4: 37 daAuts
